 Dungeon Crawl Stone Soup version 0.23.0-3-gf3c87f2 (webtiles) character file.

Game seed: 16640172487209583901

43 dvd the Magician (level 3, 0/20 HPs)
             Began as a Deep Elf Transmuter on Feb 21, 2019.
             Succumbed to an adder's poison
             ... on level 2 of the Dungeon.
             The game lasted 00:04:12 (1837 turns).

dvd the Magician (Deep Elf Transmuter)              Turns: 1837, Time: 00:04:12

Health: 0/20       AC:  2    Str: 12    XL:     3   Next: 37%
Magic:  6/9        EV: 13    Int: 23    God:
Gold:   73         SH:  0    Dex: 15    Spells: 5/8 levels left

rFire    . . .     SeeInvis .   f - +0 short sword
rCold    . . .     Gourm    .   (no shield)
rNeg     . . .     Faith    .   b - +0 robe
rPois    .         Spirit   .   (no helmet)
rElec    .         Reflect  .   (no cloak)
rCorr    .         Harm     .   (no gloves)
MR       .....                  (no boots)
Stlth    ++........             (no amulet)
HPRegen  0.06/turn              (no ring)
MPRegen  0.11/turn              (no ring)

@: mighty, brilliant, lethally poisoned (0 -> -6), very slightly contaminated,
invisible
A: no striking features
a: no special abilities


You were on level 2 of the Dungeon.
You were not hungry.

You visited 1 branch of the dungeon, and saw 2 of its levels.

You collected 73 gold pieces.

Inventory:

Hand Weapons
 f - a +0 short sword (weapon)
Missiles
 a - 41 arrows
Armour
 b - a +0 robe (worn)
Scrolls
 e - a scroll of identify
 g - a scroll of teleportation
 i - a scroll of remove curse {unknown}
Comestibles
 d - 4 rations


   Skills:
 + Level 0.9 Fighting
 + Level 0.8 Short Blades
 + Level 3.3 Dodging
 + Level 0.3 Stealth
 + Level 2.5 Unarmed Combat
 + Level 3.4 Spellcasting
 + Level 2.8 Transmutations


You had 5 spell levels left.
You knew the following spells:

 Your Spells              Type           Power        Failure   Level  Hunger
a - Beastly Appendage     Tmut           ####..       1%          1    None
b - Sticks to Snakes      Tmut           ####....     1%          2    ##.....

Your spell library contained the following spells:

 Spells                   Type           Power        Failure   Level  Hunger
 Spider Form              Tmut/Pois      ###.......   2%          3    ###....
 Ice Form                 Ice/Tmut       ###.....     7%          4    ####...
 Blade Hands              Tmut           ####......   11%         5    ######.


Dungeon Overview and Level Annotations

Branches:
Dungeon (2/15)

Altars:


Message History

* * * LOW HITPOINT WARNING * * *
You feel sick.
Your ball python dies!
The worker ant bites you.
* * * LOW HITPOINT WARNING * * *
It was a potion of might.
You feel very mighty all of a sudden. The worker ant barely misses you.
It was a potion of invisibility.
You fade into invisibility!
* * * LOW HITPOINT WARNING * * *
You feel sick. The worker ant barely misses you. The worker ant misses you.
Unknown command.
You aren't carrying any potions.
Unknown command.
Unknown command.
As you read the scroll labeled TYPSESTREMU, it crumbles to dust.
It is a scroll of identify.
g - a scroll of teleportation You die...

..................#.##.# ######.
##.#...#.#........#.##.# #......
##.###.#.#...######.##.####.####.
.... ....................>.# #.
####. #.#>.#.#######..####.# #.
..# .# .#....# #.......# .. #
#..... #.####### ##
#.##...#######.# #.....†Sa@.....#
.. ####..g######### #.# #......#
. .....#.g# .#.# #..# # ...#
###.. .>. #g.


You could see a worker ant, an adder and a hobgoblin.

Vanquished Creatures
  An adder (D:2)
  3 leopard geckos
  2 giant cockroaches
  2 goblins (D:1)
  3 hobgoblins (D:1)
  3 jackals (D:1)
  5 kobolds
  A ball python (D:1)
  2 bats
  4 frilled lizards
  4 rats
30 creatures vanquished.

Vanquished Creatures (collateral kills)
  A worm (D:2)
1 creature vanquished.

Grand Total: 31 creatures vanquished

Notes
Turn   | Place    | Note
-------+----------+-------------------------------------------
     0 | D:1      | dvd the Deep Elf Transmuter began the quest for the Orb.
     0 | D:1      | Reached XP level 1. HP: 11/11 MP: 6/6
   567 | D:1      | Reached XP level 2. HP: 13/16 MP: 6/8
   637 | D:1      | Learned a level 2 spell: Sticks to Snakes
  1536 | D:2      | Reached XP level 3. HP: 20/20 MP: 7/9
  1833 | D:2      | HP: 1/20 [worker ant (5)]
  1837 | D:2      | Succumbed to an adder's poison

Skill      XL: |  1  2 |
---------------+-------+-----
Dodging        | 3 |  3.3
Fighting       | |  0.9
Short Blades   | |  0.8
Stealth        | |  0.3
Unarmed Combat | |  2.5
Spellcasting   | |  3.4
Transmutations | |  2.8

Action                   || total
-------------------------++-------
Melee: Short sword       ||    93
       Unarmed           ||    12
       Headbutt          ||     9
       Kick              ||     3
 Cast: Beastly Appendage ||    21
       Sticks to Snakes  ||     3
  Use: Potion            ||     3
       Scroll            ||     1
 Stab: Sleeping          ||     3
       Distracted        ||     1
  Eat: Ration            ||     1
Armor: Robe              ||    16
Dodge: Dodged            ||    70
